 Dungeon Crawl Stone Soup version 0.17.0-15-g6d90897 (webtiles) character file.

29 Sheev the Bolt Thrower (level 3, -2/27 HPs)
             Began as a Formicid Hunter on Nov 10, 2015.
             Slain by a worm (8 damage)
             ... on level 2 of the Dungeon.
             The game lasted 00:04:31 (1281 turns).

Sheev the Bolt Thrower (Formicid Hunter)            Turns: 1281, Time: 00:04:31

Health: -2/27      AC:  4    Str: 16    XL:     3   Next: 32%
Magic:  2/2        EV: 12    Int: 15    God:
Gold:   58         SH:  0    Dex: 14    Spells: 0 memorised, 2 levels left

rFire  . . .     SeeInvis +     b - +0 short sword
rCold  . . .     Clarity  .     d - +0 leather armour
rNeg   . . .     SustAt   .     (no shield)
rPois  .         Gourm    .     (helmet unavailable)
rElec  .         Spirit   .     (no cloak)
rCorr  +         Warding  .     (no gloves)
rMut   .         Stasis   +     h - +0 pair of boots
MR     .....                    p - amulet of resist corrosion
Stlth  ++........               (no ring)
                                (no ring)

@: brilliant, not resistant to hostile enchantments, unstealthy
A: permanent stasis, dig shafts and tunnels, four strong arms, antennae 3, thin
skeletal structure 1, blurry vision 1, low mp 1
a: Dig, Shaft Self


You were on level 2 of the Dungeon.
You were not hungry.

You visited 1 branch of the dungeon, and saw 2 of its levels.

You collected 58 gold pieces.

Inventory:

Hand Weapons
 a - a +1 hand crossbow
 b - a +0 short sword (weapon)
Missiles
 c - 20 bolts
 g - 16 stones (quivered)
Armour
 d - a +0 leather armour (worn)
 h - a +0 pair of boots (worn)
Jewellery
 p - an amulet of resist corrosion (around neck)
Scrolls
 f - 2 scrolls of identify {unknown}
 i - a scroll of noise {unknown}
 j - a scroll of remove curse {unknown}
 o - a scroll of fear {unknown}
Comestibles
 e - a bread ration
 k - a royal jelly


   Skills:
 - Level 2.1 Fighting
 - Level 4.0 Crossbows
 + Level 2.9 Armour
 - Level 1.7 Dodging
 - Level 1.2 Stealth


You had 2 spell levels left.
You didn't know any spells.

Dungeon Overview and Level Annotations

Branches:
Dungeon (2/15)

Altars:


Innate Abilities, Weirdness & Mutations

You are under a permanent stasis effect.
You can dig through walls and to a lower floor.
Your four strong arms can wield two-handed weapons with a shield.
You have a pair of large antennae on your head (SInv).
You have a somewhat thin skeletal structure (Dex +2, Stealth).
Scrolls take you a little longer to read.
Your magical capacity is low (-10% MP).


Message History

The worm closely misses you.
You hit the worm.
The worm is heavily wounded.
You barely miss the worm.
The worm is heavily wounded.
The worm bites you!
* * * LOW HITPOINT WARNING * * *
You hit the worm.
The worm is severely wounded.
The worm bites you.
* * * LOW HITPOINT WARNING * * *
You hit the worm but do no damage.
The worm is severely wounded.
You barely miss the worm.
The worm is severely wounded.
The worm closely misses you.
You hit the worm.
The worm is severely wounded.
The worm bites you!
You die...

{ .## ..# #.#
####+###.####+####
#.........#......#
#.....(.#.#......#
#...<...#.#......####
######...............
#.##.###@######
#.##..##w# #.###.##.#
#.# .##.# #.# ..#.#
..# #.#.# .. ...# ..#


You could see a worm.

Vanquished Creatures
  An ooze (D:1)
  2 giant geckos (D:1)
  A giant cockroach (D:1)
  4 hobgoblins (D:1)
  2 ball pythons (D:1)
  A bat (D:1)
  A giant newt (D:1)
  4 goblins
  2 kobolds (D:1)
  5 rats (D:1)
23 creatures vanquished.

Notes
Turn   | Place    | Note
--------------------------------------------------------------
     0 | D:1      | Sheev the Formicid Hunter began the quest for the Orb.
     0 | D:1      | Reached XP level 1. HP: 16/16 MP: 1/1
   100 | D:1      | Reached skill level 1 in Armour
   100 | D:1      | Reached XP level 2. HP: 22/22 MP: 2/2
   646 | D:1      | Reached XP level 3. HP: 17/27 MP: 3/3
  1254 | D:1      | Gained mutation: You have a somewhat thin skeletal structure (Dex +2, Stealth). [potion of mutation]
  1254 | D:1      | Gained mutation: Scrolls take you a little longer to read. [potion of mutation]
  1254 | D:1      | Gained mutation: Your magical capacity is low (-10% MP). [potion of mutation]
  1281 | D:2      | Slain by a worm

Action                   || total
-------------------------++-------
Melee: Short sword       ||    94
 Fire: Hand crossbow     ||     2
  Use: Potion            ||     4
 Stab: Sleeping          ||     1
  Eat: Chunk             ||     1
